AoeStats
← tuyentuyem55555

MegaRandom

506129120Analyzed
4v4 RM · 19d ago on Sep 12, 2026· 45m 34s· 8 players
Game mode
Random Map
Map size
Large (8 player)
Population
200
Speed
Normal
Resources
Standard
Victory
Conquest
Starting age
Dark Age
Ending age
Imperial Age
RankedLock teamsTeams togetherTeam positionsShared explorationLock speedFull tech treeHidden civsTurbo modeCheats
Victory
Defeat
🇹🇼 Khitans · Taiwan
1011
+12
🇺🇸 Berbers · United States
938
+15
🇹🇼 Byzantines · Taiwan
917
+16
🇧🇷 Mongols · Brazil
904
+16
🇹🇼 Magyars · Taiwan
981
-18
🇻🇳 Maya · Vietnam
898
-14
🇻🇳 Cumans · Vietnam
890
-14
🇻🇳 Sicilians · Vietnam
877
-13
Bovine
12:09 Feudal Age
18:56 Castle Age
20:54 Bloodlines
35:30 Husbandry
37:11 Town Watch
41:17 Wheelbarrow
43:17 Hand Cart
in5767
13:26 Feudal Age
11:42 Loom
15:33 Horse Collar
15:41 Double-Bit Axe
23:43 Castle Age
22:08 Scale Mail Armor
24:08 Pikeman
30:17 Wheelbarrow
29:58 Bow Saw
29:51 Heavy Plow
30:48 Thumb Ring
34:39 Chain Mail Armor
34:35 Forging
34:16 Fletching
36:32 Ballistics
35:53 Treadmill Crane
40:13 Imperial Age
38:16 Hand Cart
38:55 Iron Casting
38:16 Bodkin Arrow
38:25 Padded Archer Armor
38:20 Gold Mining
38:34 Elite Skirmisher
41:09 Halberdier
42:58 Chemistry
45:09 Bracer
45:24 Leather Archer Armor
45:40 Plate Mail Armor
45:06 Capped Ram
AGOFEM
8:53 Loom
11:31 Feudal Age
17:25 Castle Age
15:38 Double-Bit Axe
15:49 Gold Mining
19:43 Fletching
24:21 Thumb Ring
30:11 Horse Collar
31:56 Padded Archer Armor
31:42 Pikeman
39:55 Imperial Age
39:19 Wheelbarrow
40:01 Capped Ram
41:56 Drill
中山余文樂
12:18 Feudal Age
13:13 Domestication
13:23 Double-Bit Axe
19:03 Castle Age
19:15 Forging
19:11 Scale Barding Armor
19:16 Light Cavalry
19:56 Loom
21:41 Husbandry
23:20 Wheelbarrow
25:43 Town Watch
36:02 Gold Mining
39:23 Imperial Age
37:09 Hand Cart
36:54 Town Patrol
39:05 Iron Casting
39:06 Chain Barding Armor
39:06 Pastoralism
39:34 Elite Steppe Lancer
41:33 Plate Barding Armor
41:38 Transhumance
trtrnghia123
14:46 Feudal Age
17:08 Bloodlines
17:25 Horse Collar
17:33 Double-Bit Axe
18:56 Scale Barding Armor
19:01 Forging
22:14 Castle Age
23:34 Wheelbarrow
28:50 Bow Saw
29:02 Heavy Plow
31:25 Hand Cart
34:31 Chain Barding Armor
34:46 Iron Casting
38:23 Imperial Age
38:42 Cavalier
40:40 Parthian Tactics
40:21 Thumb Ring
40:39 Conscription
42:36 Hoardings
0420David
0:47 Loom
11:10 Feudal Age
17:16 Bloodlines
19:44 Horse Collar
25:20 Castle Age
24:51 Gold Mining
29:01 Double-Bit Axe
PCTtamnek
1:28 Loom
15:55 Feudal Age
16:39 Double-Bit Axe
19:41 Arson
28:21 Gold Mining
30:40 Castle Age
29:56 Scale Mail Armor
30:06 Forging
36:16 Gold Shaft Mining
37:26 Stone Mining
39:59 Stone Shaft Mining
40:41 Town Watch
41:31 Wheelbarrow
45:48 Imperial Age
tuyentuyem55555
0:47 Loom
14:26 Feudal Age
15:02 Horse Collar
15:09 Double-Bit Axe
20:36 Castle Age
19:07 Stone Mining
19:30 Fletching
20:27 Gold Mining
21:36 Bow Saw
21:37 Padded Archer Armor
23:18 Heavy Plow
26:31 Forging
26:21 Scale Mail Armor
26:26 Pikeman
29:51 Stone Shaft Mining
30:25 Pikeman
33:35 Bodkin Arrow
33:56 Leather Archer Armor
36:13 Elite Skirmisher
37:29 Leather Archer Armor
37:15 Crossbowman
41:52 Imperial Age
40:01 Wheelbarrow
39:12 Town Watch
40:20 Iron Casting
40:00 Chain Mail Armor
40:09 Thumb Ring
42:16 Squires
42:02 Arson
42:56 Hul'che Javelineers
43:17 Conscription
42:38 Arbalester
Connection lost

Rejoining the realm…

Still unreachable

The connection could not be restored.

Session expired

The server has moved on; the page needs a fresh start.